Map: Cactus Valley LE (Void)

Players

Railgan - Winner!

  • Race: Zerg Zerg
  • League: Grandmaster
  • Spawn Location: 5:00

Sweps

  • Race: Protoss Protoss
  • League: Master
  • Spawn Location: 11:00

VOD

Have the link to the VOD?

Description

Time

  • Played on: March 10, 2017, 10:25 a.m.
  • Length: 21:47
Show
View Real Time Build Order
Export as new Build Order

Railgan Zerg - Winner!

Build Orders: Hatch First, Swarm Host 

Get SALT Encoding   

  12  0:01  Drone  
  13  0:12  Overlord  
  13  0:18  Drone  
  14  0:30  Drone x2  
  14  0:34  Drone  
  17  0:45  Drone  
  18  0:56  Hatchery  
  17  0:59  Extractor  
  17  1:00  Drone  
  17  1:14  Spawning Pool  
  16  1:19  Drone  
  16  1:20  Drone  
  18  1:28  Drone  
  19  1:40  Overlord  
  19  1:59  Drone  
  19  2:00  Drone  
  19  2:01  Queen  
  21  2:08  Zergling x2, Queen  
  25  2:15  Drone  
  27  2:17  Metabolic Boost  
  27  2:19  Drone  
  28  2:22  Overlord  
  28  2:31  Drone  
  28  2:34  Drone  
  28  2:36  Queen  
  30  2:43  Zergling x2  
  33  2:45  Drone  
  34  2:51  Drone  
  34  2:56  Drone  
  36  3:02  Evolution Chamber  
  36  3:03  Drone  
  36  3:07  Drone  
  36  3:11  Drone, Overlord  
  36  3:12  Drone  
  39  3:14  Drone  
  39  3:18  Drone x2  
  42  3:22  Zergling x4  
  44  3:29  Zerg Melee Weapons Level 1  
  44  3:30  Roach Warren  
  44  3:31  Zergling x4  
  45  3:38  Drone  
  45  3:39  Drone  
  47  3:45  Lair  
  47  3:46  Drone  
  47  3:47  Drone x2  
  47  3:48  Extractor  
  49  3:51  Extractor  
  49  3:52  Drone x2  
  50  3:56  Drone x2  
  50  3:59  Overlord  
  52  4:21  Drone x2, Overlord  
  52  4:23  Drone  
  52  4:24  Drone x2  
  57  4:32  Extractor, Roach  
  57  4:33  Roach  
  57  4:38  Overlord, Roach  
  58  4:45  Roach x4  
  66  4:51  Overseer  
  66  4:54  Zergling x4  
  68  5:03  Zergling x2  
  68  5:04  Zergling x8  
  72  5:07  Hatchery  
  72  5:12  Zergling x2  
  72  5:20  Drone x2  
  72  5:21  Glial Reconstitution  
  72  5:23  Roach  
  72  5:25  Overlord  
  74  5:29  Overlord  
  73  5:36  Roach  
  73  5:40  Infestation Pit  
  73  5:41  Overlord x2  
  74  5:51  Hatchery  
  74  5:55  Zergling x2  
  74  5:56  Zergling x10  
  76  6:00  Zergling x6  
  72  6:10  Drone x2  
  72  6:11  Drone x2, Zerg Melee Weapons Level 2  
  72  6:15  Drone  
  72  6:18  Pneumatized Carapace  
  75  6:20  Burrow, Pathogen Glands  
  75  6:22  Drone  
  75  6:24  Roach  
  78  6:34  Roach x2  
  73  6:47  Drone x6  
  73  6:50  Overlord  
  79  7:01  Zergling x2  
  79  7:02  Zergling x2  
  81  7:10  Zergling x4  
  81  7:11  Queen  
  85  7:18  Zergling x8  
  89  7:30  Infestor x6  
  89  7:31  Overlord  
  89  7:36  Extractor  
  100  7:37  Extractor  
  97  7:50  Drone  
  98  7:51  Drone x3  
  98  7:52  Drone x3  
  98  7:53  Neural Parasite  
  98  7:58  Drone  
  105  7:59  Drone x4  
  105  8:00  Baneling Nest  
  108  8:08  Drone  
  108  8:09  Drone  
  110  8:23  Drone x4  
  110  8:24  Drone x3  
  117  8:28  Zergling x8  
  117  8:29  Zerg Ground Armor Level 1  
  117  8:31  Overlord  
  121  8:38  Hatchery  
  93  8:56  Zergling x16  
  93  9:01  Zergling x12  
  101  9:04  Swarm Host x2  
  106  9:12  Swarm Host x2  
  106  9:14  Overlord  
  118  9:19  Baneling  
  118  9:20  Baneling x6  
  118  9:21  Centrifical Hooks  
  118  9:22  Swarm Host x2  
  122  9:33  Swarm Host x3  
  122  9:36  Baneling x6  
  122  9:37  Zergling x2  
  137  9:43  Overlord  
  129  9:56  Zergling x2  
  129  9:57  Zergling x8  
  120  10:06  Zergling x4  
  108  10:10  Swarm Host x2  
  108  10:11  Swarm Host  
  117  10:17  Baneling  
  117  10:18  Baneling  
  117  10:19  Baneling x2  
  117  10:27  Swarm Host  
  117  10:28  Swarm Host x4  
  129  10:32  Baneling x5  
  129  10:33  Zergling x2  
  129  10:34  Zergling x4  
  135  10:37  Extractor  
  135  10:38  Extractor  
  135  10:40  Queen  
  135  10:41  Queen x2  
  139  10:43  Overlord  
  139  10:49  Hatchery, Zergling x8  
  142  10:50  Overseer  
  142  10:59  Spine Crawler  
  141  11:12  Spore Crawler  
  140  11:21  Zerg Missile Weapons Level 1  
  140  11:23  Zergling x10  
  140  11:25  Overlord x5  
  145  11:31  Overlord  
  145  11:36  Spine Crawler  
  145  11:37  Spine Crawler  
  143  11:43  Zergling x2  
  143  11:44  Zergling x6  
  147  11:58  Overseer  
  133  12:14  Zergling x2  
  133  12:15  Zergling x6  
  131  12:16  Zergling x2  
  131  12:21  Zergling x4  
  134  12:29  Infestor x4  
  139  12:32  Baneling x10  
  139  12:33  Baneling, Zergling x14  
  139  12:34  Zergling x2  
  139  12:35  Zergling x2  
  148  12:37  Zergling x2  
  148  12:39  Hive  
  148  12:40  Zergling x2  
  148  12:41  Spire  
  130  12:46  Zergling x2  
  130  12:47  Zergling x4  
  125  13:04  Swarm Host x5  
  140  13:09  Drone x4  
  144  13:14  Drone x3  
  147  13:28  Baneling x11  
  147  13:30  Zergling x2  
  147  13:31  Zergling x4  
  128  13:50  Zergling x28  
  128  13:54  Overseer  
  135  13:56  Zergling x2  
  135  13:57  Zergling x2  
  136  14:07  Zergling x2  
  136  14:08  Zergling x10  
  128  14:17  Zergling x6  
  128  14:19  Zergling x2  
  128  14:22  Zergling x6  
  132  14:31  Spore Crawler  
  130  14:48  Hatchery  
  119  15:17  Overseer x3  
  119  15:18  Overseer  
  107  15:38  Infestor  
  107  15:41  Ultralisk Cavern  
  108  15:45  Hatchery  
  107  15:58  Zergling x2  
  107  15:59  Zergling x2  
  81  16:34  Zergling x14  
  87  16:52  Extractor  
  86  16:59  Infestor x3  
  92  17:02  Hatchery  
  91  17:14  Infestor x3  
  97  17:33  Zergling x2  
  95  17:37  Zergling x6  
  89  17:52  Zergling x8  
  93  18:24  Ultralisk x3  
  93  18:25  Chitinous Plating  
  111  18:43  Ultralisk  
  117  18:56  Spine Crawler  
  116  19:03  Ultralisk  
  116  19:06  Baneling x3  
  121  19:26  Ultralisk x2  
  133  19:37  Zergling x2  
  133  19:38  Zergling x2  
  131  20:12  Drone x4  
  135  20:17  Zergling x10  
  140  20:22  Spore Crawler  
  140  20:25  Ultralisk  
  140  20:26  Zergling x4  
  140  20:27  Zergling x2  
  148  20:29  Drone x2  
  148  20:30  Drone  
  148  20:31  Drone x3  
  148  20:32  Drone x2  
  148  20:33  Hatchery  
  138  20:59  Ultralisk  
  138  21:01  Zergling x2  
  138  21:02  Zergling x12  
  138  21:03  Zergling x2  
  142  21:14  Zergling x6  
  145  21:21  Zergling x4  
Show
View Real Time Build Order
Export as new Build Order

Sweps Protoss 

Build Orders: Nexus First, Zealot Archon, Dark Templar Rush 

Get SALT Encoding   

  12  0:01  Probe (Chrono Boost)  
  13  0:12  Probe (Chrono Boost)  
  14  0:18  Pylon  
  14  0:22  Probe (Chrono Boost)  
  15  0:37  Probe (Chrono Boost)  
  16  0:47  Probe (Chrono Boost)  
  17  0:58  Probe (Chrono Boost)  
  17  1:02  Nexus  
  18  1:08  Probe (Chrono Boost)  
  19  1:14  Gateway  
  19  1:19  Probe (Chrono Boost)  
  19  1:21  Assimilator  
  20  1:26  Assimilator  
  20  1:30  Probe (Chrono Boost)  
  21  1:40  Probe (Chrono Boost)  
  21  1:43  Pylon  
  22  1:51  Probe (Chrono Boost)  
  23  2:01  Cybernetics Core, Probe (Chrono Boost)  
  24  2:12  Probe (Chrono Boost)  
  24  2:13  Gateway  
  24  2:15  Zealot  
  27  2:19  Probe (Chrono Boost)  
  28  2:22  Warp Gate  
  28  2:23  Probe (Chrono Boost)  
  30  2:30  Probe (Chrono Boost)  
  30  2:35  Probe (Chrono Boost)  
  31  2:40  Probe (Chrono Boost)  
  31  2:43  Twilight Council  
  32  2:47  Probe (Chrono Boost)  
  32  2:51  Pylon  
  33  2:53  Probe (Chrono Boost)  
  35  2:58  Probe (Chrono Boost)  
  35  3:02  Adept  
  35  3:04  Pylon  
  37  3:05  Resonating Glaives  
  37  3:07  Probe (Chrono Boost)  
  39  3:13  Probe (Chrono Boost)  
  39  3:15  Pylon  
  39  3:22  Adept  
  39  3:26  Probe (Chrono Boost)  
  42  3:29  Probe (Chrono Boost)  
  42  3:33  Dark Shrine  
  43  3:38  Probe (Chrono Boost)  
  45  3:41  Probe (Chrono Boost)  
  45  3:42  Gateway  
  45  3:51  Gateway  
  45  3:53  Probe (Chrono Boost)  
  47  4:00  Mothership Core (Chrono Boost), Sentry  
  50  4:08  Pylon  
  50  4:12  Pylon  
  50  4:13  Pylon  
  50  4:15  Pylon  
  51  4:17  Gateway  
  51  4:19  Gateway  
  45  4:52  Adept x2, Probe (Chrono Boost)  
  50  4:54  Adept x2  
  50  4:58  Probe (Chrono Boost)  
  50  4:59  Pylon  
  55  5:00  Assimilator  
  55  5:04  Probe (Chrono Boost)  
  56  5:10  Probe (Chrono Boost)  
  56  5:14  Dark Templar x2  
  59  5:16  Adept x2, Probe (Chrono Boost)  
  66  5:22  Archon  
  67  5:30  Probe x2 (Chrono Boost)  
  68  5:38  Assimilator  
  68  5:41  Robotics Facility  
  68  5:42  Probe x2 (Chrono Boost), Stalker  
  72  5:48  Adept x2  
  76  5:54  Probe x2 (Chrono Boost)  
  68  6:06  Probe (Chrono Boost)  
  68  6:09  Adept  
  68  6:10  Adept x3, Probe (Chrono Boost)  
  72  6:15  Robotics Facility  
  72  6:17  Pylon  
  73  6:18  Probe (Chrono Boost)  
  73  6:30  Probe (Chrono Boost)  
  70  6:43  Immortal  
  70  6:46  Probe (Chrono Boost)  
  67  6:48  Adept x3, Robotics Bay  
  73  6:57  Immortal  
  73  6:59  Pylon  
  73  7:14  Stalker  
  73  7:15  Stalker x3  
  79  7:22  Warp Prism  
  79  7:24  Nexus  
  81  7:33  Pylon  
  81  7:41  Disruptor  
  86  7:52  Probe x2 (Chrono Boost)  
  86  7:53  Disruptor  
  86  7:54  Pylon  
  86  7:56  Stalker x2  
  86  7:58  Adept  
  92  8:04  Probe (Chrono Boost)  
  96  8:12  Disruptor  
  96  8:15  Probe (Chrono Boost)  
  96  8:16  Probe (Chrono Boost)  
  96  8:17  Assimilator  
  101  8:21  Assimilator  
  103  8:27  Observer, Probe (Chrono Boost)  
  103  8:28  Adept x3, Probe (Chrono Boost)  
  110  8:39  Probe (Chrono Boost)  
  111  8:43  Disruptor  
  114  8:54  Adept x3  
  114  8:55  Adept x2  
  112  9:08  Probe (Chrono Boost)  
  112  9:09  Probe (Chrono Boost)  
  114  9:13  Probe (Chrono Boost)  
  114  9:15  Pylon x2  
  115  9:17  Pylon  
  115  9:18  Disruptor, Adept x5  
  115  9:20  Probe (Chrono Boost)  
  115  9:21  Probe (Chrono Boost)  
  115  9:23  Probe (Chrono Boost)  
  131  9:39  Stalker x4  
  139  9:55  Adept  
  115  10:04  Adept x3  
  115  10:05  Adept  
  102  10:13  Disruptor x2  
  102  10:19  Probe (Chrono Boost)  
  109  10:23  Blink  
  106  10:49  Stalker x5  
  116  10:52  Gateway  
  116  10:54  Gateway  
  116  10:56  Gateway  
  118  10:58  Probe x2 (Chrono Boost)  
  118  11:07  Pylon  
  118  11:10  Probe (Chrono Boost)  
  119  11:12  Assimilator  
  119  11:15  Stalker x5  
  119  11:16  Disruptor, Pylon  
  119  11:17  Disruptor  
  129  11:18  Pylon  
  135  11:32  Pylon  
  135  11:38  Dark Templar x4  
  135  11:39  Dark Templar  
  144  11:47  Disruptor  
  145  12:12  Stalker x7  
  145  12:15  Observer  
  147  12:21  Observer  
  146  12:27  Forge  
  143  12:39  Nexus  
  140  13:00  Stalker x5  
  150  13:13  Dark Templar x3  
  156  13:24  Stalker x2  
  161  13:27  Probe (Chrono Boost)  
  121  14:02  Stalker x7  
  111  14:27  Stalker x6  
  111  14:29  Stalker x2  
  116  14:32  Probe (Chrono Boost)  
  116  14:38  Assimilator  
  108  14:42  Photon Cannon  
  108  14:44  Photon Cannon  
  108  14:46  Photon Cannon  
  106  15:03  Stalker x7  
  118  15:08  Dark Templar  
  80  15:25  Pylon  
  80  15:26  Dark Templar  
  80  15:27  Dark Templar x2, Adept  
  80  15:28  Zealot x2, Adept  
  89  15:36  Probe (Chrono Boost)  
  88  15:43  Stalker  
  90  15:53  Stalker  
  90  15:54  Stalker x3  
  98  16:04  Stalker  
  98  16:05  Stalker x2  
  102  16:21  Stalker  
  102  16:22  Stalker x3  
  100  16:33  Stalker x3  
  100  16:37  Pylon  
  106  16:41  Gateway  
  106  16:44  Archon  
  104  16:48  Stalker x2  
  104  16:49  Stalker x2  
  108  16:58  Pylon  
  108  17:05  Stalker x3  
  111  17:20  Dark Templar x2  
  111  17:21  Dark Templar  
  107  17:28  Zealot, Dark Templar x3  
  107  17:29  Zealot x2, Adept  
  114  17:46  Adept  
  100  17:58  Stalker x4  
  105  18:12  Stalker x4  
  112  18:28  Stalker x4  
  120  18:52  Stalker x3  
  120  18:53  Stalker x4  
  134  18:59  Nexus  
  130  19:28  Dark Templar x3  
  130  19:50  Pylon, Stalker  
  130  19:51  Stalker x3  
  132  20:16  Archon  
  132  20:20  Assimilator  
  132  20:21  Stalker x4  
  140  20:24  Pylon  
  140  20:26  Pylon  
  140  20:28  Photon Cannon  
  140  20:29  Photon Cannon  
  140  20:35  Pylon  
  73  21:11  Dark Templar x3  
  75  21:12  Stalker  
Tags
 
Add a new tag
Caveats
  • Supply blocks, unpowered buildings, or Contaminate may cause inaccurate times.
  • Supply counts are checked every 10 seconds.